 Dungeon Crawl Stone Soup version 0.30-a0-802-gb92711bcdf (webtiles) character file.

Game seed: 3244543708813903105

168 jasper the Shooter (level 5, -7/36 (39) HPs)
             Began as a Demonspawn Hexslinger on Feb 24, 2023.
             Mangled by a hell rat (14 damage)
             ... in a sewer.
             The game lasted 00:05:43 (2260 turns).

jasper the Shooter (Demonspawn Hexslinger)          Turns: 2260, Time: 00:05:44

HP:   -7/36 (39)    AC:  5    Str: 18    XL:     5   Next: 24%
MP:   6/6           EV: 11    Int: 19    God:
Gold: 200           SH: 12    Dex: 14    Spells: 1/6 levels left

rFire   . . .      SeeInvis +    a - +2 sling
rCold   . . .      Faith    .    d - +0 buckler
rNeg    . . .      Spirit   .    m - +0 leather armour
rPois   .          Reflect  +    (no helmet)
rElec   .          Harm     .    (no cloak)
rCorr   .          Rampage  .    i - +1 pair of gloves
Will    .....                    (no boots)
Stlth   +                        f - amulet of reflection
HPRegen 0.26/turn                j - ring of see invisible
MPRegen 0.10/turn                l - ring "Raorghou" {Str+6 Int+5}

@: drained
A: hooves 1, condensation shield
a: no special abilities


You were in a sewer.
You visited 1 branch of the dungeon, and saw 3 of its levels.
You also visited: Sewer.

You collected 200 gold pieces.

Inventory:

Hand Weapons
 a - a +2 sling (weapon)
Armour
 c - a +0 robe
 d - a +0 buckler (worn)
 i - a +1 pair of gloves (worn)
 m - a +0 leather armour (worn)
Jewellery
 f - an amulet of reflection (around neck)
 j - a ring of see invisible (left hand)
 k - a ring of protection from fire
 l - the ring "Raorghou" (right hand) {Str+6 Int+5}
   (You found it on level 2 of the Dungeon)

   [ring of strength]

   Str:       It affects your strength (+6).
   Int:       It affects your intelligence (+5).
Scrolls
 b - a scroll of poison
 p - a scroll of enchant weapon
 r - a scroll of identify
 u - a scroll of immolation
Potions
 e - a potion of degeneration {unknown}
 g - 2 potions of haste
 n - 2 potions of berserk rage
 o - a potion of cancellation {unknown}
 q - a potion of brilliance {unknown}
 s - a potion of ambrosia {unknown}
 t - a potion of resistance {unknown}


   Skills:
 + Level 2.4 Fighting
 * Level 3.5 Ranged Weapons
 + Level 2.0 Armour
 - Level 1.7 Dodging
 - Level 1.0 Spellcasting
 - Level 3.0 Hexes
 + Level 1.1 Poison Magic


You had one spell level left.
You knew the following spells:

 Your Spells              Type           Power      Damage    Failure   Level
a - Slow                  Hex            48%        N/A       9%          1
b - Olgreb's Toxic Radia  Pois           5%         N/A       89%         4

Your spell library contained the following spells:

 Spells                   Type           Power      Damage    Failure   Level
 Sting                    Tmut/Pois      12%        1d3       26%         1
 Apportation              Tloc           0%         N/A       30%         1
 Necrotise                Necr           0%         1d4       30%         1
 Summon Small Mammal      Summ           0%         N/A       30%         1
 Poisonous Vapours        Pois/Air       6%         N/A       36%         2
 Inner Flame              Hex/Fire       6%         N/A       45%         3
 Portal Projectile        Hex/Tloc       12%        N/A       45%         3
 Cause Fear               Hex            6%         N/A       65%         4


Dungeon Overview and Level Annotations

Branches:
Dungeon (3/15)              Sewer (1/1)

Altars:


Innate Abilities, Weirdness & Mutations

You have large cloven feet.
A meltable shield of frost defends you. (SH +4)


Message History

The hell rat splashes around in the water.
Fire: a) +2 sling
Press: ? - help, Q - select action, (/) - cycle Shift-Dir - straight line, f/p - hell rat
Aim: a hell rat (severely wounded, 60% to hit)
You shoot a sling bullet.
The sling bullet barely misses the hell rat.
The hell rat misses you. The hell rat bites you!
You take 11 damage, and have 14/36 hp.
MASSIVE DAMAGE!!
Fire: a) +2 sling
Press: ? - help, Q - select action, (/) - cycle Shift-Dir - straight line, f/p - hell rat
Aim: a hell rat (severely wounded, 60% to hit)
You shoot a sling bullet.
The sling bullet hits the hell rat but does no damage.
The hell rat is severely wounded.
The hell rat splashes around in the water.
The hell rat bites you!
* * * LOW HITPOINT WARNING * * *
You take 8 damage, and have 6/36 hp.
MASSIVE DAMAGE!!
You shoot a sling bullet.
The sling bullet barely misses the hell rat.
The hell rat twitches its whiskers.
You block the hell rat's attack.
Okay, then.
Okay, then.
Unknown command.
Unknown command.
Fire: a) +2 sling
Press: ? - help, Q - select action, (/) - cycle Shift-Dir - straight line, f/p - hell rat
Aim: a hell rat (severely wounded, 60% to hit)
You shoot a sling bullet.
The sling bullet barely misses the hell rat.
The hell rat splashes around in the water.
You block the hell rat's attack.
Fire: a) +2 sling
Press: ? - help, Q - select action, (/) - cycle Shift-Dir - straight line, f/p - hell rat
Aim: a hell rat (severely wounded, 60% to hit)
You shoot a sling bullet.
The sling bullet closely misses the hell rat.
The hell rat bites you!
You die...

#########
###...@~..###
#...~.r~~..~###
....~##'##.~.~~#
..~# #~~.###~~~##
.. ~~~~~~ ##...#
~ ~~~~~~~. #~~.#
.†##.???!$.##~~~#
~~.###!∩!###...##
~.~.~#####~~~~~#


You could see a hell rat.

Vanquished Creatures
  4 adders
  4 river rats (Sewer)
  A worm (D:3)
  A dart slug (D:1)
  8 ball pythons
  11 endoplasms
  5 giant cockroaches
  4 goblins
  4 hobgoblins
  7 jackals
  6 quokkas
  7 bats
  3 frilled lizards
  5 kobolds
  17 rats
87 creatures vanquished.

Notes
Turn   | Place    | Note
-------+----------+-------------------------------------------
     0 | D:1      | jasper the Demonspawn Hexslinger began the quest for the
                  | Orb.
     0 | D:1      | Reached XP level 1. HP: 15/15 MP: 2/2
    68 | D:1      | Gained mutation: You have large cloven feet. [demonic
                  | ancestry]
    68 | D:1      | Reached XP level 2. HP: 21/21 MP: 3/3
   292 | D:1      | Reached skill level 1 in Armour
   382 | D:1      | Found a faded altar of an unknown god.
   403 | D:1      | Reached XP level 3. HP: 25/26 MP: 4/4
  1013 | D:2      | Identified the ring "Raorghou" {Str+6 Int+5}
  1023 | D:2      | Gained mutation: A meltable shield of frost defends you.
                  | (SH +4) [demonic ancestry]
  1023 | D:2      | Reached XP level 4. HP: 33/33 MP: 5/5
  1028 | D:2      | Learned a level 4 spell: Olgreb's Toxic Radiance
  2046 | D:3      | Found a glowing drain.
  2054 | Sewer    | Entered a sewer
  2066 | Sewer    | Reached XP level 5. HP: 39/39 MP: 6/6
  2076 | Sewer    | Reached skill level 1 in Poison Magic
  2260 | Sewer    | Mangled by a hell rat

Illustrated notes

Levels and vault maps discovered:
D:1:      scummos_arrival_checkerplants, layout_loops_ring,
          shapermc_ecumenical_altar_venn, minmay_tall_x
D:2:      layout_rooms
D:3:      layout_loops_ring, portal_sewer_entry_e
Sewer:    sewer_hellmonk_bad_rat

Skill      XL: |  1  2  3  4  5 |
---------------+----------------+-----
Ranged Weapons | 2 3 |  3.5
Armour         | 1 2 |  2.0
Fighting       | 2 |  2.4
Poison Magic   | 1 |  1.1
Dodging        | |  1.7
Spellcasting   | |  1.0
Hexes          | |  3.0

Action                     |  1- 3 |  4- 6 || total
---------------------------+-------+-------++-------
   Fire: Sling             |   130 |   189 ||   319
   Cast: Slow              |     2 |       ||     2
    Use: Scroll            |     4 |     2 ||     6
         Potion            |       |     2 ||     2
 Armour: Robe              |    10 |       ||    10
         Leather armour    |     4 |    22 ||    26
  Dodge: Dodged            |    40 |    54 ||    94
  Block: Buckler           |    18 |    79 ||    97

Table legend: (Time is in decaauts)
 A = Elapsed time spent in this place.
 B = Non-inter-level travel time spent in this place.
 C = Inter-level travel time spent in this place.
 D = Time resting spent in this place.
 E = Time spent auto-exploring this place.
 F = Levels seen in this place.
 G = Mean time per level.
                   A        B        C        D        E       F      G
               +--------+--------+--------+--------+--------+-----+--------+
         Total |   2350 |   2305 |     45 |     52 |   1633 |   4 |  587.5 |
       Dungeon |   2135 |   2090 |     45 |     44 |   1519 |   3 |  711.7 |
         Sewer |    214 |    214 |      0 |      8 |    114 |   1 |  214.0 |
               +--------+--------+--------+--------+--------+-----+--------+

Top non-repeatable levels by time:
     D:1: 927 daAuts
     D:3: 673 daAuts
     D:2: 534 daAuts
   Sewer: 214 daAuts
